 Dungeon Crawl Stone Soup version 0.29-a0-559-g359e09b9d1 (webtiles) character file.

Game seed: 16392075754878219971

1436 xian the Ducker (level 8, -9/59 HPs)
             Began as a Demonspawn Gladiator on June 10, 2022.
             Was an Initiate of Gozag.
             Mangled by a troll (11 damage)
             ... on level 6 of the Dungeon.
             The game lasted 00:14:12 (5138 turns).

xian the Ducker (Demonspawn Gladiator)              Turns: 5138, Time: 00:14:13

Health: -9/59      AC:  8    Str: 17    XL:     8   Next: 45%
Magic:  8/8        EV: 14    Int:  9    God:    Gozag
Gold:   302        SH:  0    Dex: 19    Spells: 6/7 levels left

rFire   . . .      SeeInvis .   o - +7 Throatcutter {drain, coup de grace}
rCold   . . .      Faith    .   f - orb {*Rage}
rNeg    . . .      Spirit   .   a - +2 leather armour of Slovenliness {Dex+4}
rPois   .          Reflect  .   c - +0 helmet
rElec   .          Harm     .   (no cloak)
rCorr   .          Rampage  .   (no gloves)
Will    .....      Rage     20% (no boots)
Stlth   ++........              (no amulet)
HPRegen 0.19/turn               (no ring)
MPRegen 0.11/turn               (no ring)

@: no status effects
A: hooves 1, icy blue scales 1, powered by death 2
a: Renounce Religion, Potion Petition, Call Merchant, Bribe Branch


You were on level 6 of the Dungeon.
You worshipped Gozag.
Gozag was aware of your devotion.
You visited 2 branches of the dungeon, and saw 7 of its levels.

You collected 374 gold pieces.
You paid 72 gold pieces to Gozag.

Inventory:

Hand Weapons
 o - the +7 Throatcutter (weapon) {drain, coup de grace}
   (You found it on level 5 of the Dungeon)

   A truly terrible weapon, it drains the life of any living foe it strikes.
   It may instantly kill foes which have little health.
Missiles
 d - 3 throwing nets (quivered)
 k - 6 poisoned darts
Armour
 a - the +2 leather armour of Slovenliness (worn) {Dex+4}
   (You found it on level 4 of the Dungeon)

   Dex:       It affects your dexterity (+4).
 c - a +0 helmet (worn)
 f - an orb of wrath (worn)
Jewellery
 g - a ring of positive energy
Wands
 s - a wand of mindburst (19)
Scrolls
 l - a scroll of enchant weapon
 r - a scroll of brand weapon {unknown}
Potions
 b - a potion of flight {unknown}
 e - 4 potions of curing
 h - 2 potions of cancellation
 i - a potion of magic {unknown}
 j - 3 potions of lignification
 m - 2 potions of mutation {unknown}
 p - 2 potions of invisibility {unknown}
 q - a potion of heal wounds {unknown}


   Skills:
 + Level 3.6 Fighting
 + Level 4.4(5.3) Short Blades
 + Level 4.3(5.2) Long Blades
 + Level 2.8 Throwing
 + Level 3.8 Armour
 + Level 4.8 Dodging
 + Level 3.5 Stealth


You had 6 spell levels left.
You knew the following spells:

 Your Spells              Type           Power      Damage    Failure   Level
a - Necrotize             Necr           0%         1d4       43%         1

Your spell library contained the following spells:

 Spells                   Type           Power      Damage    Failure   Level
 Apportation              Tloc           0%         N/A       43%         1
 Magic Dart               Conj           0%         1d3       43%         1
 Shock                    Conj/Air       0%         1d3       43%         1
 Summon Small Mammal      Summ           0%         N/A       43%         1
 Call Imp                 Summ           0%         N/A       58%         2
 Poisonous Vapours        Pois/Air       0%         N/A       58%         2
 Conjure Flame            Conj/Fire      0%         6-21      82%         3
 Lesser Beckoning         Tloc           0%         N/A       82%         3
 Mephitic Cloud           Conj/Pois/Air  0%         N/A       82%         3
 Portal Projectile        Hex/Tloc       0%         N/A       82%         3
 Manifold Assault         Tloc           0%         N/A       100%        5
 Corpse Rot               Necr/Pois/Air  Unusable   N/A       N/A         4

Dungeon Overview and Level Annotations

Branches:
Dungeon (6/15)             Temple (1/1) D:5

Altars:
Ashenzari
Cheibriados
Elyvilon
Gozag
Hepliaklqana
Kikubaaqudgha
Nemelex Xobeh
Okawaru
Ru
Sif Muna
Trog
Uskayaw
Vehumet
Xom
Zin
The Shining One

Shops:
D:5 :


Innate Abilities, Weirdness & Mutations

You have large cloven feet.
You are partially covered in icy blue scales. (AC +2)
You regenerate health from kills.


Message History

The troll bites you! The troll barely misses you. The troll closely misses you.
Things that are here:
11 gold pieces; a +0 dagger; a +0 leather armour The troll misses you.
The troll closely misses you. The troll claws you.
You hit the troll. You drain the troll. You kick the troll, but do no damage.
The troll is lightly wounded.
The troll bites you but does no damage. The troll claws you but does no damage.
The troll claws you. The troll barely misses you. The troll misses you.
The troll claws you but does no damage.
You completely miss the troll.
The troll is lightly wounded.
The troll bites you. The troll claws you but does no damage.
The troll closely misses you.
You closely miss the troll. You kick the troll.
The troll is lightly wounded.
The troll misses you. x2; The troll claws you.
The troll misses you. The troll claws you! The troll claws you.
You hit the troll.
The troll is lightly wounded.
The troll bites you!
* * * LOW HITPOINT WARNING * * *
The troll barely misses you. The troll claws you.
* * * LOW HITPOINT WARNING * * *
The troll barely misses you. The troll claws you.
* * * LOW HITPOINT WARNING * * *
The troll completely misses you.
Blink to where?
Press: ? - help, Dir - move target
As you read the scroll of blinking, it crumbles to dust.
You feel yourself speed up.
The ogre shouts!
An orc wizard appears from thin air!
Reactivating autopickup.
The troll seems less drained.
You recover from your berserk rage.
The troll attacks as you move away! The troll bites you.
* * * LOW HITPOINT WARNING * * *
The troll claws you!
You die...
Your body crumbles into a pile of gold.

#...##### .........
....##.. #.#.##.# #.#.##.#
##.#.##.# ##### ##.>......
##...### #...#.##..
#.@....###..##.####
###T.#........##.#
###.O#...#.........#
###..#.o.#...#....##.#
#####..#.(.#o..#...#..##.#
#....#...#...#...#...#...#
#..#...#..)#...#...#...#.#
#....#...#...#...#...#...#
#..#...#...#...#...#...#.#


You could see a troll, an ogre, an orc wizard and an orc.

Vanquished Creatures
  Grinder (D:4)
  A black bear (D:5)
  2 ice beasts (D:5)
  An ogre (D:5)
  3 phantoms
  3 scorpions
  2 jellies (D:5)
  4 hounds
  An orc priest (D:5)
  3 iguanas
  An orc wizard (D:5)
  6 adders
  A white imp (D:5)
  5 worms
  2 dart slugs (D:2)
  11 orcs
  7 ball pythons
  10 endoplasms
  6 giant cockroaches
  9 goblins
  6 hobgoblins
  7 kobolds
  4 bats
  7 frilled lizards
  5 rats
108 creatures vanquished.

Notes
Turn   | Place    | Note
-------+----------+-------------------------------------------
     0 | D:1      | xian the Demonspawn Gladiator began the quest for the Orb.
     0 | D:1      | Reached XP level 1. HP: 16/16 MP: 1/1
    95 | D:1      | Gained mutation: You are partially covered in icy blue
                  | scales. (AC +2) [demonic ancestry]
    95 | D:1      | Reached XP level 2. HP: 17/22 MP: 2/2
   860 | D:2      | Gained mutation: You regenerate a little health from kills.
                  | [demonic ancestry]
   860 | D:2      | Reached XP level 3. HP: 24/27 MP: 3/3
  1138 | D:2      | Reached skill level 1 in Armour
  1577 | D:3      | Reached XP level 4. HP: 34/34 MP: 4/4
  2045 | D:3      | Got Seeck's Guide on the Damaging Voyage
  2307 | D:3      | Noticed a scorpion
  2316 | D:3      | Killed a scorpion
  2317 | D:3      | Reached skill level 1 in Short Blades
  2317 | D:3      | Gained mutation: You have large cloven feet. [demonic
                  | ancestry]
  2317 | D:3      | Reached XP level 5. HP: 29/39 MP: 5/5
  2503 | D:3      | Reached skill level 1 in Stealth
  2941 | D:4      | Noticed Grinder
  2966 | D:4      | Learned a level 1 spell: Necrotize
  2970 | D:4      | Killed Grinder
  2971 | D:4      | Reached XP level 6. HP: 24/46 MP: 6/6
  3286 | D:4      | Identified the +2 leather armour of Slovenliness {Dex+4}
  3356 | D:4      | Found a shimmering altar of Xom.
  3863 | D:4      | Found a snail-covered altar of Cheibriados.
  3863 | D:4      | Found a radiant altar of Vehumet.
  3917 | D:5      | Entered Level 5 of the Dungeon
  4122 | D:5      | Gained mutation: You regenerate health from kills. [demonic
                  | ancestry]
  4122 | D:5      | Reached XP level 7. HP: 51/51 MP: 7/7
  4176 | D:5      | Found a staircase to the Ecumenical Temple.
  4201 | D:5      | Found the +7 Throatcutter {drain, coup de grace}
  4266 | Temple   | Entered the Ecumenical Temple
  4473 | Temple   | Became a worshipper of Gozag Ym Sagoz the Greedy
  4572 | D:5      | Reached XP level 8. HP: 55/58 MP: 8/8
  4620 | D:5      | Found Kuh Xucha's Book Shop.
  5088 | D:6      | Noticed a troll
  5138 | D:6      | HP: 2/59 [troll (6)]
  5138 | D:6      | Mangled by a troll

Illustrated notes

Levels and vault maps discovered:
D:1:      mrwooster_arrival_statue, layout_loops_cross, nrook_mini_vaults
D:2:      layout_loops_ring
D:3:      layout_basic, dreamdust_princess_bridge, minmay_misc_feat_tower,
          chequers_serial_rivers_micro_b, dreamdust_princess_corridor,
          minmay_bisected
D:4:      layout_loops_ring, mainiacjoe_overflow_alcove_2,
          gammafunk_temple_overflow_elements, minmay_misc_feat_x, uniq_grinder
D:5:      layout_cave_pools, minmay_temple_entry_butterflies, serial_shops,
          shop, st_stairs_10, hangedman_minor_gate_pass
D:6:      layout_loops_ring, serial_park_tiny_2, hex_large,
          sigmund_edmund_badplayer
Temple:   nicolae_temple_figure_eight

Skill      XL: |  1  2  3  4  5  6  7  8 |
---------------+-------------------------+-----
Long Blades    | 3 4 |  4.3
Dodging        | 3 4 |  4.8
Armour         | 1 2 3 |  3.8
Short Blades   | 1 2 3 4 |  4.4
Stealth        | 1 2 3 |  3.5
Throwing       | 2 |  2.8
Fighting       | 3 |  3.6

Action                   |  1- 3 |  4- 6 |  7- 9 || total
-------------------------+-------+-------+-------++-------
Melee: Long sword        |    57 |       |    54 ||   111
       Dagger            |    57 |   104 |    24 ||   185
       Punch             |       |     2 |       ||     2
       Kick              |       |    14 |    22 ||    36
Throw: Dart              |       |     7 |       ||     7
       Javelin           |       |     1 |       ||     1
       Throwing net      |       |     1 |       ||     1
  Use: Scroll            |     3 |     7 |     3 ||    13
       Potion            |       |     1 |       ||     1
 Stab: Sleeping          |     3 |     2 |     2 ||     7
Armor: Leather armour    |    37 |    32 |    30 ||    99
       Skin              |       |     8 |       ||     8
Dodge: Dodged            |    83 |    48 |    59 ||   190

Table legend: (Time is in decaauts)
 A = Elapsed time spent in this place.
 B = Non-inter-level travel time spent in this place.
 C = Inter-level travel time spent in this place.
 D = Time resting spent in this place.
 E = Time spent auto-exploring this place.
 F = Levels seen in this place.
 G = Mean time per level.
                   A        B        C        D        E       F      G
               +--------+--------+--------+--------+--------+-----+--------+
         Total |   5182 |   5114 |     68 |    600 |   2616 |   7 |  740.3 |
       Dungeon |   4957 |   4889 |     68 |    600 |   2415 |   6 |  826.2 |
        Temple |    225 |    225 |      0 |      0 |    201 |   1 |  225.0 |
               +--------+--------+--------+--------+--------+-----+--------+

Top non-repeatable levels by time:
     D:3: 1338 daAuts
     D:4: 996 daAuts
     D:1: 863 daAuts
     D:5: 831 daAuts
     D:2: 715 daAuts
  Temple: 225 daAuts
     D:6: 212 daAuts
